 Dungeon Crawl Stone Soup version 0.31.0-12-g77e489cdc1 (webtiles) character file.

Game seed: 12888252406719987656

3395 Curundu the Cleaver (level 9, -9/79 HPs)
             Began as a Minotaur Berserker on Mar 5, 2024.
             Was an Elder of Trog.
             Mangled by a boulder beetle (18 damage)
             ... on level 8 of the Dungeon.
             The game lasted 00:25:33 (5691 turns).

Curundu the Cleaver (Minotaur Berserker)            Turns: 5691, Time: 00:25:34

Health: -9/79      AC: 19    Str: 27    XL:     9   Next: 75%
Magic:  8/8        EV:  8    Int:  4    God:    Trog [****..]
Gold:   543        SH:  0    Dex:  9    Spells: 8/8 levels left

rFire   . . .        m - +8 frozen axe "Frostbite" {freeze, freezing cloud, *Noise Fly rC+}
rCold   + . .        (shield currently unavailable)
rNeg    . . .        d - +0 plate armour
rPois   +            (helmet restricted)
rElec   .            t - +2 cloak
rCorr   .            l - +0 pair of gloves
SInv    .            n - +0 pair of boots
Will    .....        s - amulet of regeneration Stlth
                     j - ring of poison resistance
HPRegen 1.13/turn    (no ring)
MPRegen 0.11/turn

%: no passive effects
@: on berserk cooldown, flying, slowed, very slow
A: horns 2, retaliatory headbutt
a: Renounce Religion, Berserk, Trog's Hand, Brothers in Arms


You were on level 8 of the Dungeon.
You worshipped Trog.
Trog was greatly pleased with you.
You visited 1 branch of the dungeon, and saw 8 of its levels.

You collected 543 gold pieces.

Inventory:

Hand Weapons
 m - the +8 frozen axe "Frostbite" (weapon) {freeze, freezing cloud, *Noise Fly rC+}
   (You acquired it on level 6 of the Dungeon)

   rC+:       It protects you from cold.
   Fly:       It grants you flight.
   *Noise:    It may make a loud noise when swung.
 x - a +1 war axe of protection
Missiles
 h - 3 boomerangs (quivered)
Armour
 d - a +0 plate armour (worn)
 l - a +0 pair of gloves (worn)
 n - a +0 pair of boots (worn)
 t - a +2 cloak (worn)
Jewellery
 j - a ring of poison resistance (left hand)
 s - an amulet of regeneration (around neck)
Wands
 g - a wand of mindburst (15)
 i - a wand of iceblast (9)
 y - a wand of flame (34)
 A - a wand of charming (11)
Scrolls
 a - a scroll of teleportation
 o - a scroll of fog
 v - a scroll of blinking
 B - a scroll of enchant weapon
 D - a scroll of poison {unknown}
Potions
 b - a potion of might
 c - 3 potions of curing
 p - a potion of resistance
 q - 3 potions of enlightenment
 r - 3 potions of mutation
 w - a potion of lignification {unknown}
 C - a potion of heal wounds {unknown}


   Skills:
 + Level 7.5 Fighting
 + Level 12.8 Axes
 + Level 8.3 Armour
 + Level 4.0 Dodging
 + Level 0.5 Stealth


You had 8 spell levels left.
You didn't know any spells.
Your spell library was empty.

Dungeon Overview and Level Annotations

Branches:
Dungeon (8/15)             Temple (0/1) D:7
   Lair: D:8-11

Altars:
Ashenzari
Nemelex Xobeh
Qazlal
Xom

Shops:
D:3 =[*?


Innate Abilities, Weirdness & Mutations

You have a pair of horns on your head.
You reflexively headbutt those who attack you in melee.


Message History

You are engulfed in a cloud of scalding steam.
The steam dragon bites you. The steam dragon barely misses you.
The steam dragon is engulfed in freezing vapours.
You kill the steam dragon!
Trog accepts your kill.
The steam dragon scales are intact enough to wear.
A red film seems to cover your vision as you go berserk!
You feel yourself moving faster!
You feel mighty! The steam dragon barely misses you.
The steam dragon claws you but does no damage.
You feel a strong urge to attack something.
The steam dragon breathes steam at you. The ball of steam hits you!
Things that are here:
+0 steam dragon scales; a steam dragon corpse You slice the steam dragon!!
You freeze the steam dragon.
You kill the steam dragon!
Trog accepts your kill.
You feel a strong urge to attack something.
You feel your anger nearly subside.
You are no longer berserk.
You are exhausted.
You feel yourself slow down.
You start resting.
A boulder beetle comes into view.
A boulder beetle is nearby!
A boulder beetle is nearby!
Found 8 gold pieces.
The boulder beetle curls into a ball and begins rolling!
The boulder beetle hits you!!
The boulder beetle stops rolling and uncurls.
The boulder beetle bites you.
* * * LOW HITPOINT WARNING * * *
The boulder beetle curls into a ball and begins rolling!
The boulder beetle attacks as it pursues you!
The boulder beetle barely misses you.
The boulder beetle stops rolling and uncurls.
The boulder beetle bites you!!
* * * LOW HITPOINT WARNING * * *
The boulder beetle bites you!!
You die...

....... ..#.... ..#....
...####......
..............
..............
............. ## #+#
#........... #..
#@#####........... #...
#B#.........##.... #....
#.#...............
#.....#°....[...........
#.......................
..$...........#.##......
.#.##.........#.......[.
#............#.########
#...##.##.#############


You could see a boulder beetle.

Vanquished Creatures
  Jeremiah (D:6)
  Prince Ribbit (D:7)
  Eustachio (D:6)
  2 steam dragons (D:8)
  2 water moccasins
  An orc warrior (D:8)
  An ice beast (D:6)
  A sky beast (D:8)
  2 centaurs
  A phantom (D:5)
  A kobold brigand (D:6)
  5 bullfrogs
  6 scorpions
  5 wights (D:6)
  2 bombardier beetles
  5 orc priests
  2 hounds
  2 sleepcaps
  Ijyb (D:4)
  5 iguanas
  5 orc wizards
  7 gnolls
  4 adders
  4 dart slugs
  4 ribbon worms
  22 orcs
  An endoplasm (D:2)
  5 giant cockroaches
  16 goblins
  6 hobgoblins
  3 jackals (D:4)
  21 kobolds
  4 quokkas
  4 ball pythons
  5 bats
  3 frilled lizards (D:2)
  7 rats
168 creatures vanquished.

Notes
Turn   | Place    | Note
-------+----------+-------------------------------------------
     0 | D:1      | Curundu the Minotaur Berserker began the quest for the Orb.
     0 | D:1      | Reached XP level 1. HP: 19/19 MP: 0/0
   168 | D:1      | Reached XP level 2. HP: 24/27 MP: 1/1
   191 | D:1      | Reached skill level 4 in Axes
   395 | D:1      | You fall into a shaft and drop 1 floor!
   511 | D:1      | Reached ** piety under Trog
   737 | D:1      | Reached XP level 3. HP: 33/33 MP: 2/2
  1281 | D:2      | Reached XP level 4. HP: 38/41 MP: 3/3
  1492 | D:2      | Reached skill level 5 in Axes
  1636 | D:3      | Found a broken altar of Ashenzari.
  1720 | D:3      | Found Sotourch's Magic Scroll Boutique.
  1809 | D:3      | Reached XP level 5. HP: 46/47 MP: 4/4
  1953 | D:3      | Found Enacaum's Jewellery Emporium.
  1991 | D:3      | Found Vymoteni's Antique Armour Boutique.
  2026 | D:3      | Found a stormy altar of Qazlal.
  2026 | D:3      | Found a sparkling altar of Nemelex Xobeh.
  2109 | D:3      | Found a shimmering altar of Xom.
  2153 | D:3      | Found Qangoxou's Assorted Antiques.
  2330 | D:4      | Reached skill level 6 in Axes
  2491 | D:4      | Reached XP level 6. HP: 47/55 MP: 5/5
  2499 | D:4      | Reached *** piety under Trog
  2650 | D:4      | Reached skill level 5 in Fighting
  3121 | D:4      | Reached skill level 5 in Armour
  3212 | D:4      | Noticed Ijyb
  3232 | D:4      | Killed Ijyb
  3421 | D:5      | Entered Level 5 of the Dungeon
  3555 | D:5      | Reached skill level 7 in Axes
  3555 | D:5      | Reached XP level 7. HP: 61/61 MP: 6/6
  3923 | D:5      | Reached skill level 8 in Axes
  4210 | D:6      | Identified a scroll of acquirement
  4210 | D:6      | Acquired the +8 frozen axe "Frostbite" {freeze, freezing
                  | cloud, *Noise Fly rC+}
  4210 | D:6      | Found the +8 frozen axe "Frostbite" {freeze, freezing
                  | cloud, *Noise Fly rC+}
  4268 | D:6      | Reached XP level 8. HP: 63/70 MP: 7/7
  4269 | D:6      | Reached skill level 9 in Axes
  4339 | D:6      | Noticed Eustachio
  4350 | D:6      | Killed Eustachio
  4351 | D:6      | Reached skill level 10 in Axes
  4632 | D:6      | Reached **** piety under Trog
  4633 | D:6      | Reached XP level 9. HP: 78/78 MP: 8/8
  4759 | D:6      | Noticed Jeremiah
  4801 | D:6      | Killed Jeremiah
  4802 | D:6      | Reached skill level 11 in Axes
  5046 | D:7      | Found a staircase to the Ecumenical Temple.
  5232 | D:7      | Identified the +6 chain mail of Tuxzoil {Dex+3}
  5476 | D:7      | Noticed Prince Ribbit
  5493 | D:7      | Killed Prince Ribbit
  5564 | D:8      | Reached skill level 12 in Axes
  5684 | D:8      | Noticed a boulder beetle
  5691 | D:8      | Mangled by a boulder beetle

Illustrated notes

Levels and vault maps discovered:
D:1:      dpeg_arrival_rooms_with_view, layout_loops_ring, minmay_tripent
D:2:      layout_loops_ring
D:3:      wander_river, layout_basic, nicolae_overflow_hidden_temple,
          mainiacjoe_overflow_divided_tiny, amcnicky_altar_gilded, serial_shops,
          nicolae_shop_tiny_real_fake_doors, nicolae_lakefront_shop, shop,
          nicolae_shop_tiny_glass, lemuel_flame_loot_1
D:4:      kennysheep_the_goblin_king, layout_loops_ring
D:5:      layout_basic, dreamdust_princess_bridge, kennysheep_generic_room_10
D:6:      layout_basic, uniq_eustachio, uniq_jeremiah
D:7:      layout_rooms, minmay_temple_entry_tees, uniq_prince_ribbit1
D:8:      layout_basic

Skill      XL: |  1  2  3  4  5  6  7  8  9 |
---------------+----------------------------+-----
Axes           | 4 5 6 7 8 10 12 | 12.8
Fighting       | 4 5 6 7 |  7.5
Armour         | 3 4 5 6 7 8 |  8.3
Dodging        | 3 4 |  4.0
Stealth        | |  0.5

Action                     |  1- 3 |  4- 6 |  7- 9 || total
---------------------------+-------+-------+-------++-------
  Melee: Hand axe          |   112 |    60 |       ||   172
         Headbutt          |    14 |    22 |    14 ||    50
         War axe           |       |    94 |    47 ||   141
         Punch             |       |     2 |     1 ||     3
         Executioner's axe |       |       |   103 ||   103
 Invoke: Trog's Hand       |       |     2 |     4 ||     6
         Berserk           |       |     1 |     3 ||     4
    Use: Scroll            |       |    12 |    13 ||    25
 Armour: Animal skin       |    15 |       |       ||    15
         Chain mail        |    54 |   141 |    67 ||   262
         Plate armour      |       |       |   104 ||   104
  Dodge: Dodged            |    58 |    56 |    82 ||   196
